 Dungeon Crawl Stone Soup version 0.22-a0-93-g6b88ebb (webtiles) character file.

4292 KristoblXynda the Grappler (level 10, 0/86 HPs)
             Began as a Yellow Draconian Monk on Jan 24, 2018.
             Was an Elder of Wu Jian.
             Slain by a wyvern (8 damage)
             ... on level 8 of the Dungeon.
             The game lasted 00:17:18 (10234 turns).

KristoblXynda the Grappler (Yellow Draconian Monk) Turns: 10234, Time: 00:17:18

Health: 0/86       AC:  9    Str: 15    XL:     10   Next: 11%
Magic:  14/14      EV: 16    Int: 13    God:    Wu Jian [****..]
Gold:   498        SH:  0    Dex: 13    Spells: 9/9 levels left

rFire    . . .     SeeInvis .     - Unarmed
rCold    . . .     Gourm    .   (no shield)
rNeg     . . .     Faith    .   (armour unavailable)
rPois    .         Spirit   .   (helmet restricted)
rElec    .         Reflect  .   w - +0 cloak
rCorr    +         Harm     .   g - +0 pair of gloves
MR       .....                  (no boots)
Stlth    +.........             (no amulet)
HPRegen  0.24/turn              (no ring)
MPRegen  0.14/turn              (no ring)

@: confused
A: spit acid, acid resistance, unfitting armour, cold-blooded, AC +7
a: Breathe Acid, Wall Jump, Serpent's Lash, Renounce Religion


You were on level 8 of the Dungeon.
You worshipped Wu Jian.
Wu Jian was greatly pleased with you.
You were not hungry.

You visited 2 branches of the dungeon, and saw 9 of its levels.
You also visited: Ossuary.

You collected 498 gold pieces.

Inventory:

Missiles
 l - 2 throwing nets (quivered)
Armour
 g - a +0 pair of gloves (worn)
 w - a +0 cloak (worn)
Wands
 h - a wand of paralysis (22)
Scrolls
 b - 2 scrolls of amnesia
 e - 4 scrolls of blinking
 i - 2 scrolls of teleportation
 p - a scroll of silence {unknown}
 q - 2 scrolls of fear
 u - a scroll of enchant armour {unknown}
 v - a scroll of magic mapping
 x - a scroll of immolation
Potions
 d - 4 potions of ambrosia
 f - 5 potions of haste
 j - a potion of flight
 m - a potion of degeneration {unknown}
 n - a potion of might
 r - 3 potions of cancellation
 s - 2 potions of magic
 t - a potion of lignification {unknown}
Books
 k - a book of Minor Magic

   Spells                             Type                      Level
   a - Magic Dart                     Conjuration                  1
   b - Blink                          Translocation                2
   c - Call Imp                       Summoning                    2
   d - Slow                           Hexes                        2
   e - Conjure Flame                  Conjuration/Fire             3
   f - Mephitic Cloud                 Conjuration/Poison/Air       3
Comestibles
 a - 12 rations
 o - 2 chunks of flesh


   Skills:
 + Level 7.0 Fighting
 + Level 7.4 Dodging
 - Level 1.7 Stealth
 + Level 9.8 Unarmed Combat
 + Level 6.4 Evocations


You had 9 spell levels left.
You didn't know any spells.

Dungeon Overview and Level Annotations

Branches:
Dungeon (8/15)             Temple (1/1) D:5
   Lair: D:8-11

Altars:
Ashenzari
Cheibriados
Dithmenos
Elyvilon
Fedhas
Gozag
Hepliaklqana
Kikubaaqudgha
Makhleb
Nemelex Xobeh
Okawaru
Qazlal
Ru
Sif Muna
Trog
Uskayaw
Vehumet
Wu Jian
Xom
Yredelemnul
Zin
The Shining One


Innate Abilities, Weirdness & Mutations

You can spit globs of acid.
You are resistant to acid.
Your golden yellow scales are hard. (AC +7)
You cannot fit into any form of body armour.
You are cold-blooded and may be slowed by cold attacks.


Message History

You kill the orc!
The Council accepts your kill.
You have got your breath back.
The wyvern bites you.
* * * LOW HITPOINT WARNING * * *
You barely miss the orc.
Your tail-slap misses the orc.
You kill the orc!
The Council accepts your kill. The wyvern bites you!
* * * LOW HITPOINT WARNING * * *
The wyvern bites you!
* * * LOW HITPOINT WARNING * * *
Items here: )))) [[[ †††
Okay, then.
You feel better. The wyvern closely misses you.
You are confused.
You feel invigorated. The wyvern bites you.
* * * LOW HITPOINT WARNING * * *
The wyvern bites you!
You die...

..# ##.#### ... ...
...####.###..
..........#.#
...####...#.#
.<.'>.....#.# #
.?.#####..#.#####.#####
...........@l.......#
############.#)#####.###.#
...............# .#
#......######.######.#
+.....................
#......#######.#####.#
#......# ..# ##.###
#......# #.# #....
######## #.. #..#


You could see a wyvern.

Vanquished Creatures
  Pikel (D:7)
  The ghost of 4thArraOfDagon the Skirmisher, a novice DgWn (D:6)
  Maurice (D:8)
  Menkaure (D:5)
  A water moccasin (D:7)
  3 orc warriors
  2 slaves (D:7)
  A black bear (D:6)
  An ogre (D:8)
  3 centaurs (D:7)
  A big kobold (D:6)
  A gnoll sergeant (D:6)
  3 bullfrogs
  6 killer bees (D:8)
  8 wights (D:7)
  4 crimson imps
  2 centaur zombies (Ossuary)
  3 hounds
  5 orc priests
  A bullfrog skeleton (D:5)
  A jelly (D:7)
  A centaur skeleton (D:8)
  A human zombie (Ossuary)
  9 orc wizards
  2 iguanas
  2 worker ants
  A killer bee zombie (D:8)
  A big kobold zombie (Ossuary)
  A hound skeleton (D:8)
  2 mummies (Ossuary)
  2 howler monkey zombies
  15 gnolls
  10 adders
  An ooze (D:5)
  An adder zombie (D:7)
  3 adder skeletons (D:6)
  A worm (D:2)
  4 leopard geckos
  22 orcs
  6 bats
  4 giant cockroaches
  3 goblins
  5 hobgoblins (D:2)
  7 jackals (D:1)
  12 kobolds
  A quokka (D:6)
  3 frilled lizards
  A giant cockroach zombie (D:5)
  2 goblin zombies (Ossuary)
  7 hobgoblin zombies (Ossuary)
  A jackal skeleton (D:5)
  2 jackal zombies
  13 kobold zombies (Ossuary)
  A leopard gecko skeleton (D:7)
  8 orc zombies (Ossuary)
  6 rats
  2 rat zombies (Ossuary)
213 creatures vanquished.

Notes
Turn   | Place    | Note
-------+----------+-------------------------------------------
     0 | D:1      | KristoblXynda the Draconian Monk began the quest for the Orb.
     0 | D:1      | Reached XP level 1. HP: 19/19 MP: 1/1
     6 | D:1      | Noticed a swamp worm
     6 | D:1      | Noticed a worker ant
     6 | D:1      | Noticed a black bear
     7 | D:1      | Noticed a rime drake
     7 | D:1      | Noticed an iguana
   212 | D:1      | Reached XP level 2. HP: 20/26 MP: 2/2
  1114 | D:2      | Reached XP level 3. HP: 15/31 MP: 3/3
  1640 | D:2      | Reached skill level 4 in Unarmed Combat
  1659 | D:2      | Found a bloodstained altar of Trog.
  2024 | D:3      | Reached XP level 4. HP: 14/38 MP: 4/4
  3021 | D:3      | Reached skill level 5 in Unarmed Combat
  3021 | D:3      | Reached XP level 5. HP: 17/45 MP: 5/5
  3063 | D:3      | Found a burning altar of Makhleb.
  3868 | D:4      | Reached XP level 6. HP: 38/52 MP: 6/6
  4517 | D:5      | Entered Level 5 of the Dungeon
  4590 | D:5      | Noticed Menkaure
  4600 | D:5      | Killed Menkaure
  4600 | D:5      | Reached skill level 6 in Unarmed Combat
  4600 | D:5      | Reached skill level 1 in Evocations
  4740 | D:5      | Found a sand-covered staircase.
  4745 | Ossuary  | Entered an ossuary
  4919 | Ossuary  | Your scales start taking on a golden yellow colour.
  4919 | Ossuary  | Reached XP level 7. HP: 43/60 MP: 7/7
  5820 | D:5      | Found a staircase to the Ecumenical Temple.
  5834 | Temple   | Entered the Ecumenical Temple
  5909 | Temple   | Became a worshipper of the Wu Jian Council
  5909 | Temple   | Reached * piety under Wu Jian
  5909 | Temple   | Reached ** piety under Wu Jian
  6209 | D:6      | Reached skill level 5 in Fighting
  6216 | D:6      | Reached skill level 5 in Dodging
  6772 | D:6      | Reached XP level 8. HP: 40/68 MP: 10/10
  6799 | D:6      | Reached skill level 7 in Unarmed Combat
  7227 | D:6      | Noticed 4thArraOfDagon's ghost (novice DgWn)
  7587 | D:6      | Killed 4thArraOfDagon's ghost
  7587 | D:6      | Reached skill level 8 in Unarmed Combat
  7815 | D:7      | HP: 2/68 [wight/enchanted long sword (12)]
  8028 | D:7      | Reached XP level 9. HP: 42/74 MP: 12/12
  8361 | D:7      | Reached *** piety under Wu Jian
  8375 | D:7      | Reached skill level 9 in Unarmed Combat
  8375 | D:7      | Reached skill level 5 in Evocations
  9375 | D:7      | Noticed Pikel
  9460 | D:7      | Killed Pikel
  9977 | D:8      | Noticed Maurice
  9986 | D:8      | Killed Maurice
  9997 | D:8      | Reached XP level 10. HP: 64/84 MP: 14/14
 10197 | D:8      | Reached **** piety under Wu Jian
 10232 | D:8      | HP: 1/86 [wyvern (11)]
 10234 | D:8      | Slain by a wyvern

Vault maps used:
D:1:      onia_arrival_zoo_common
D:2:      first_ration, trog_hazing_becter
D:3:      makhleb_blood_cavern_becter
D:5:      minmay_temple_entry_junction, enter_ossuary_2,
          kennysheep_generic_room_9, uniq_menkaure
D:6:      serial_co_window_serial, co_window_paths_b, co_window_paths_a,
          co_window_corner_a, co_window_paths_a, co_window_paths_a,
          co_window_paths_a, co_window_paths_b, co_window_broadway_b,
          co_window_of_opportunity_b, co_window_corner_ca, glass_columns_a,
          glass_columns_b
D:7:      uniq_pikel
D:8:      uniq_maurice
Temple:   compressed_dpeg_triangle_lava_temple
Ossuary:  ossuary_tomb_1

Skill      XL: |  1  2  3  4  5  6  7  8  9 10 |
---------------+-------------------------------+-----
Dodging        | 3 4 5 6 7 |  7.4
Unarmed Combat | 4 5 6 8 9 |  9.8
Fighting       | 4 5 6 7 |  7.0
Evocations     | 1 2 4 6 |  6.4
Stealth        | |  1.7

Action                   |  1- 3 |  4- 6 |  7- 9 | 10-12 || total
-------------------------+-------+-------+-------+-------++-------
Melee: Unarmed           |   170 |   222 |   587 |    55 ||  1034
       Tailslap          |    18 |    36 |    83 |     6 ||   143
       Punch             |     4 |     5 |    18 |     3 ||    30
Invok: Lunge             |       |       |    28 |     1 ||    29
       Wall Jump         |       |       |     8 |     2 ||    10
       Whirlwind         |       |       |    13 |     1 ||    14
 Abil: Breathe Acid      |       |       |    11 |     1 ||    12
Evoke: Wand              |       |       |     6 |       ||     6
  Use: Scroll            |       |    13 |     4 |       ||    17
       Potion            |       |     2 |     7 |     3 ||    12
 Stab: Sleeping          |     2 |     3 |     6 |       ||    11
       Paralysed         |       |       |     7 |       ||     7
       Distracted        |       |       |     2 |       ||     2
  Eat: Chunk             |     4 |     3 |     6 |       ||    13
       Ration            |       |     2 |     4 |       ||     6
Armor: Skin              |    77 |    65 |   106 |    16 ||   264
Dodge: Dodged            |   146 |   157 |   325 |    39 ||   667

Table legend:
 A = Spawn XP
 B = Non-spawn XP
 C = Spawn XP percentage of total XP
 D = Spawn monster count
 E = Non-spawn monster count
 F = Spawn count percentage of total count
 G = Total turns spent on level
                    A         B        C        D         E        F      G
               +---------+---------+-------+---------+---------+-------+---------
         Total |       0 |    6132 |   0.0 |       0 |     211 |   0.0 | 10234
               +---------+---------+-------+---------+---------+-------+---------
           D:1 |       0 |      29 |   0.0 |       0 |      17 |   0.0 |   779
           D:2 |       0 |      43 |   0.0 |       0 |      16 |   0.0 |  1176
           D:3 |       0 |     200 |   0.0 |       0 |      24 |   0.0 |  1412
           D:4 |       0 |     248 |   0.0 |       0 |      15 |   0.0 |  1150
           D:5 |       0 |     272 |   0.0 |       0 |       9 |   0.0 |   835
           D:6 |       0 |    1424 |   0.0 |       0 |      33 |   0.0 |  1573
           D:7 |       0 |    2312 |   0.0 |       0 |      36 |   0.0 |  2012
           D:8 |       0 |    1375 |   0.0 |       0 |      22 |   0.0 |   472
       Ossuary |       0 |     229 |   0.0 |       0 |      39 |   0.0 |   685
               +---------+---------+-------+---------+---------+-------+---------
